 Dungeon Crawl Stone Soup version 0.30-b1-2-g02819fbbbe (webtiles) character file.

Game seed: 16798462536913750013

203 Borgoz the Trooper (level 5, -1/33 HPs)
             Began as a Gargoyle Berserker on June 16, 2023.
             Was a Follower of Trog.
             Splashed by a jelly's acid (5 damage)
             ... on level 4 of the Dungeon.
             The game lasted 00:03:13 (2526 turns).

Borgoz the Trooper (Gargoyle Berserker)             Turns: 2526, Time: 00:03:13

Health: -1/33      AC:  0    Str: 20    XL:     5   Next: 81%
Magic:  5/5        EV: 10    Int:  8    God:    Trog [*.....]
Gold:   243        SH:  7    Dex: 11    Spells: 4/4 levels left

rFire   . . .        a - +0 falchion
rCold   . . .        c - +0 kite shield
rNeg    + + .        b - +0 animal skin
rPois   ∞            j - +0 helmet
rElec   +            (no cloak)
rCorr   .            (no gloves)
SInv    .            (no boots)
Will    ++...        (no amulet)
Stlth   ++           r - ring of positive energy
HPRegen 1.25/turn    (no ring)
MPRegen 0.09/turn

%: no passive effects
@: strong-willed (expiring), corroded, regenerating (expiring)
A: sickness immunity, AC +4, negative energy resistance 1, electricity
resistance, torment resistance 1, petrification resistance
a: Renounce Religion, Berserk


You were on level 4 of the Dungeon.
You worshipped Trog.
Trog was aware of your devotion.
You visited 1 branch of the dungeon, and saw 4 of its levels.

You collected 243 gold pieces.

Inventory:

Hand Weapons
 a - a +0 falchion (weapon)
Armour
 b - a +0 animal skin (worn)
 c - a +0 kite shield (worn)
 j - a +0 helmet (worn)
Jewellery
 r - a ring of positive energy (left hand)
 t - a +6 ring of strength
Wands
 o - a wand of polymorph (8)
 q - a wand of flame (20)
Scrolls
 d - a scroll of magic mapping {unknown}
 l - a scroll of enchant weapon {unknown}
 m - a scroll of vulnerability {unknown}
 p - a scroll of immolation {unknown}
 s - 6 scrolls of identify {unknown}
 u - a scroll of silence {unknown}
Potions
 f - a potion of invisibility {unknown}
 g - 3 potions of attraction {unknown}
 h - a potion of brilliance {unknown}
 i - a potion of mutation {unknown}
 k - 4 potions of curing {unknown}
 n - 2 potions of heal wounds {unknown}
 v - a potion of lignification {unknown}


   Skills:
 + Level 3.9 Fighting
 * Level 3.9 Long Blades
 + Level 3.1 Armour
 + Level 2.3 Dodging
 + Level 2.2 Stealth
 + Level 1.7 Shields


You had 4 spell levels left.
You didn't know any spells.
Your spell library was empty.

Dungeon Overview and Level Annotations

Branches:
Dungeon (4/15)
 Temple: D:4-7

Altars:
Sif Muna

Shops:
D:1 *


Innate Abilities, Weirdness & Mutations

You are immune to sickness and miasma.
Your stone body is resilient. (AC +4)
You are immune to poison.
You resist negative energy. (rN+)
You are resistant to electric shocks. (rElec)
You are resistant to unholy torment.
You are immune to petrification.


Message History

The gnoll hits you but does no damage.
The gnoll bouda barks out a call to the hunt!
The gnoll picks up the pace!
The gnoll bouda attacks as you move away!
The gnoll bouda hits you with a +0 whip.
* * * LOW HITPOINT WARNING * * *
Your surroundings suddenly seem different.
A jelly comes into view.
Found an escape hatch in the floor.
The jelly quivers.
You completely miss the jelly.
Your attacks no longer feel as feeble.
The jelly closely misses you.
You hit the jelly.
Your hands burn!
The jelly is lightly wounded.
The jelly hits you but does no damage.
You barely miss the jelly.
The jelly is lightly wounded.
The jelly hits you but does no damage.
You hit the jelly. The acid corrodes you!
Your hands burn!
The jelly is heavily wounded.
You feel the effects of Trog's Hand fading.
The jelly hits you but does no damage. The jelly closely misses you.
You hit the jelly.
Your hands burn!
The jelly is heavily wounded.
The jelly hits you but does no damage.
You hit the jelly but do no damage. The acid corrodes you!
Your hands burn!
The jelly is heavily wounded.
The jelly closely misses you.
You barely miss the jelly.
The jelly is heavily wounded.
The jelly closely misses you.
You hit the jelly.
Your hands burn!
The jelly is severely wounded.
The jelly hits you.
You are splashed with acid.
* * * LOW HITPOINT WARNING * * *
The jelly hits you.
* * * LOW HITPOINT WARNING * * *
You are splashed with acid.
You die...

#..####....††.....
.# ##.#.####### .#
#<#.# # .### #.#.#
# ... ..#.# # ..
####.# # #######
.# #.# #
......###.# #.# #
#..J@.# #.# #
#..#### #.# ##
#>.# #.# #. #..#
#.# #. #..#
###.### #. #.J#
#.....# #. #..#
#.#.#.##### #..#
#.#........ ....
#.###.#####


You could see a jelly.

Vanquished Creatures
  A scorpion (D:4)
  2 hounds (D:4)
  A gnoll (D:4)
  An adder (D:2)
  2 worms
  3 dart slugs
  An orc (D:3)
  11 endoplasms
  2 giant cockroaches (D:1)
  6 goblins
  4 hobgoblins
  3 jackals (D:4)
  A quokka (D:1)
  2 ball pythons
  3 bats
  3 frilled lizards
  2 kobolds
  5 rats
53 creatures vanquished.

Notes
Turn   | Place    | Note
-------+----------+-------------------------------------------
     0 | D:1      | Borgoz the Gargoyle Berserker began the quest for the Orb.
     0 | D:1      | Reached XP level 1. HP: 14/14 MP: 1/1
    56 | D:1      | Found Oraquos's Assorted Antiques.
   159 | D:1      | Reached XP level 2. HP: 19/19 MP: 2/2
   817 | D:2      | Reached skill level 1 in Stealth
   817 | D:2      | Reached XP level 3. HP: 19/23 MP: 3/3
  1668 | D:3      | Reached skill level 1 in Shields
  1863 | D:3      | Reached XP level 4. HP: 22/28 MP: 4/4
  2036 | D:3      | Found a shimmering blue altar of Sif Muna.
  2187 | D:4      | Noticed a scorpion
  2209 | D:4      | Killed a scorpion
  2210 | D:4      | Reached XP level 5. HP: 16/33 MP: 5/5
  2308 | D:4      | Reached ** piety under Trog
  2508 | D:4      | HP: 1/33 [gnoll bouda/+0 whip (3)]
  2526 | D:4      | Splashed by a jelly's acid

Illustrated notes

Levels and vault maps discovered:
D:1:      dpeg_arrival_ternary, layout_basic, serial_shops, shop,
          grunt_decor_clamped, minmay_misc_feat_rows, patterned_corridor
D:2:      layout_rooms
D:3:      minmay_spotlight, layout_loops_corners, led_sif_pool
D:4:      layout_loops_ring, overflow_temple_1_default, minivault_1,
          kennysheep_generic_room_14

Skill      XL: |  1  2  3  4  5 |
---------------+----------------+-----
Long Blades    | 3 |  3.9
Stealth        | 1 2 |  2.2
Shields        | 1 |  1.7
Dodging        | 2 |  2.3
Armour         | 3 |  3.1
Fighting       | |  3.9

Action                     |  1- 3 |  4- 6 || total
---------------------------+-------+-------++-------
  Melee: Falchion          |   148 |    96 ||   244
 Invoke: Berserk           |     1 |       ||     1
         Trog's Hand       |       |     3 ||     3
    Use: Scroll            |     1 |     1 ||     2
   Stab: Sleeping          |     2 |     1 ||     3
 Armour: Animal skin       |    55 |    29 ||    84
  Dodge: Dodged            |    80 |    41 ||   121
  Block: Kite shield       |    53 |    34 ||    87
